 Dungeon Crawl Stone Soup version 0.31-a0-1084-gb392501acf (webtiles) character file.

Game seed: 13826229710808566356

10 Bnni the Grave Robber (level 2, 20/20 HPs)
             Began as a Demonspawn Necromancer on Nov 28, 2023.
             Quit the game on level 1 of the Dungeon.
             The game lasted 00:00:52 (347 turns).

Bnni the Grave Robber (Demonspawn Necromancer)       Turns: 347, Time: 00:00:52

Health: 20/20      AC:  2    Str:  8    XL:     2   Next: 10%
Magic:  0/5        EV: 12    Int: 16    God:
Gold:   41         SH:  0    Dex: 13    Spells: 4/5 levels left

rFire   . . .        e - +0 dagger
rCold   . . .        (no shield)
rNeg    . . .        a - +0 robe
rPois   .            (no helmet)
rElec   .            (no cloak)
rCorr   .            (no gloves)
SInv    .            (no boots)
Will    .....        (no amulet)
Stlth   ++           (no ring)
HPRegen 0.23/turn    (no ring)
MPRegen 0.09/turn

%: no passive effects
@: no status effects
A: demonic touch 1
a: no special abilities


You were on level 1 of the Dungeon.
You visited 1 branch of the dungeon, and saw 1 of its levels.

You collected 41 gold pieces.

Inventory:

Hand Weapons
 e - a +0 dagger (weapon)
Armour
 a - a +0 robe (worn)
Scrolls
 c - a scroll of immolation {unknown}
 d - 2 scrolls of teleportation {unknown}
 f - a scroll of vulnerability {unknown}
Potions
 b - a potion of magic
 g - a potion of brilliance {unknown}


   Skills:
 + Level 0.6 Fighting
 - Level 1.7 Dodging
 - Level 1.7 Stealth
 + Level 2.1 Spellcasting
 * Level 4.7 Necromancy


You had 4 spell levels left.
You knew the following spells:

 Your Spells              Type           Power      Damage    Failure   Level
a - Necrotise             Necr           64%        1d7       3%          1

Your spell library contained the following spells:

 Spells                   Type           Power      Damage    Failure   Level
 Vampiric Draining        Necr           16%        2d7       9%          3
 Animate Dead             Necr           16%        N/A       28%         4
 Agony                    Necr           16%        N/A       63%         5


Dungeon Overview and Level Annotations

Branches:
Dungeon (1/15)

Altars:


Innate Abilities, Weirdness & Mutations

Your touch may inflict minor irresistible damage on your foes.


Message History

d - 2 scrolls labelled YMMOCOIRYNG (gained 1)
Your ball python skeleton crumbles into dust!
Your kobold skeleton crumbles into dust!
Found a maw talisman.
A bat comes into view.
A bat is nearby!
A bat is nearby!
Found 15 gold pieces.
Aiming: Necrotise (safe; 3% risk of failure)
Press: ? - help, Q - select action Shift-Dir - straight line, f - bat
Aim: a bat (asleep, chance to affect: 86%)
The bat writhes in agony.
You kill the bat!
The dead are flying!
You now have 41 gold pieces (gained 15).
Your bat skeleton crumbles into dust!
A dart slug comes into view.
Found a scroll labelled GODIME OSUTUGE.
A dart slug is nearby!
Found 9 gold pieces.
Aiming: Necrotise (safe; 3% risk of failure)
Press: ? - help, Q - select action Shift-Dir - straight line, f - dart slug
Aim: a dart slug (chance to affect: 86%)
The dart slug writhes in agony.
Unknown command.
Unknown command.
Aiming: Necrotise (safe; 3% risk of failure)
Press: ? - help, Q - select action Shift-Dir - straight line, f/p - dart slug
Aim: a dart slug (heavily wounded, chance to affect: 86%)
The dart slug writhes in agony.
Unknown command.
Aiming: Necrotise (safe; 3% risk of failure)
Press: ? - help, Q - select action Shift-Dir - straight line, f/p - dart slug
Aim: a dart slug (almost dead, chance to affect: 86%)
The dart slug writhes in agony!
You kill the dart slug!
You have reached level 2!
Your demonic ancestry asserts itself...
Your hands begin to faintly glow with unholy energy.
Are you sure you want to abandon this character and quit the game? (Confirm with "yes".)

... # .. #$.. #.#. ...
##.#. ..# #.... ..##
#[PPPP####### †.#
.§§##...... #.#
###....... #@##
###<........ #..#
##§###......§
.#####.###.§§§##....§.
............PPPP#######
...####.###.§.......##
..?# ######.....##
##### #....... #....###
#....#


There were no monsters in sight!

Vanquished Creatures
  A dart slug (D:1)
  3 bats (D:1)
  A kobold (D:1)
  A ball python (D:1)
  A frilled lizard (D:1)
  2 goblins (D:1)
  A rat (D:1)
10 creatures vanquished.

Notes
Turn   | Place    | Note
-------+----------+-------------------------------------------
     0 | D:1      | Bnni the Demonspawn Necromancer began the quest for the
                  | Orb.
     0 | D:1      | Reached XP level 1. HP: 13/13 MP: 3/3
   347 | D:1      | Gained mutation: Your touch may inflict minor irresistible
                  | damage on your foes. [demonic ancestry]
   347 | D:1      | Reached XP level 2. HP: 20/20 MP: 0/5
   347 | D:1      | Quit the game

Illustrated notes

Levels and vault maps discovered:
D:1:      roadster_arrival_rocket_small, layout_basic

Action                     || total
---------------------------++-------
  Melee: Unarmed           ||     3
         Dagger            ||     1
   Cast: Necrotise         ||    16
 Armour: Robe              ||     5
  Dodge: Dodged            ||     5

Table legend: (Time is in decaauts)
 A = Elapsed time spent in this place.
 B = Non-inter-level travel time spent in this place.
 C = Inter-level travel time spent in this place.
 D = Time resting spent in this place.
 E = Time spent auto-exploring this place.
 F = Levels seen in this place.
 G = Mean time per level.
                   A        B        C        D        E       F      G
               +--------+--------+--------+--------+--------+-----+--------+
         Total |    346 |    346 |      0 |     27 |    252 |   1 |  346.0 |
       Dungeon |    346 |    346 |      0 |     27 |    252 |   1 |  346.0 |
               +--------+--------+--------+--------+--------+-----+--------+

Top non-repeatable levels by time:
     D:1: 346 daAuts
